 Dungeon Crawl Stone Soup version 0.30-b1-2-g02819fbbbe (webtiles) character file.

Game seed: 4673407477239904562

4434 Mesmaeker13 the Trooper (level 9, -9/117 HPs)
             Began as a Demigod Reaver on July 17, 2023.
             Mangled by a wyvern (12 damage)
             ... on level 8 of the Dungeon.
             The game lasted 00:21:02 (8966 turns).

Mesmaeker13 the Trooper (Demigod Reaver)            Turns: 8966, Time: 00:21:02

Health: -9/117     AC: 24    Str: 21    XL:     9   Next: 92%
Magic:  17/17      EV:  2    Int: 19    God:
Gold:   294        SH:  0    Dex: 12    Spells: 7/14 levels left

rFire   . . .        K - +5 battleaxe
rCold   . . .        (shield currently unavailable)
rNeg    . . .        E - melded +0 ring mail "Wivi Fae" {Int+2}
rPois   +            r - melded +1 helmet {SInv}
rElec   .            (cloak currently unavailable)
rCorr   .            p - melded +0 pair of gloves
SInv    .            (boots currently unavailable)
Will    .....        (no amulet)
Stlth   +            o - +5 ring of evasion
HPRegen 0.39/turn    l - +5 ring of evasion
MPRegen 0.15/turn

%: no passive effects
@: tree-form
A: stationary, stasis, torment immunity, boosted hp, high MP 1, forlorn, divine
attributes
a: no special abilities


You were on level 8 of the Dungeon.
You were a tree.
You visited 1 branch of the dungeon, and saw 8 of its levels.
You also visited: Sewer.

You collected 294 gold pieces.

Inventory:

Hand Weapons
 u - a +1 flail of protection
 K - a +5 battleaxe (weapon)
 L - a +0 trident of venom
Missiles
 n - 35 poisoned darts (quivered)
 s - 4 throwing nets
Armour
 k - a +0 kite shield
 p - a +0 pair of gloves (melded)
 r - a +1 helmet of see invisible (melded)
 E - the +0 ring mail "Wivi Fae" (melded) {Int+2}
   (You found it on level 4 of the Dungeon)

   Int:       It affects your intelligence (+2).
 J - the +3 leather armour "Megira Usouf" {rN++ Str-5 Int+2 SInv}
   (You found it on level 6 of the Dungeon)

   Str:       It affects your strength (-5).
   Int:       It affects your intelligence (+2).
   rN:        It greatly protects you from negative energy.
   SInv:      It lets you see invisible.
Jewellery
 l - a +5 ring of evasion (right branch)
 o - a +5 ring of evasion (left branch)
 C - a ring of flight
Wands
 G - a wand of digging (2)
Scrolls
 b - a scroll of noise {unknown}
 d - a scroll of blinking {unknown}
 g - 2 scrolls of vulnerability
 i - a scroll of amnesia {unknown}
 j - 2 scrolls of magic mapping
 q - 2 scrolls of teleportation {unknown}
 t - a scroll of poison
 y - a scroll of silence {unknown}
 A - a scroll of torment {unknown}
 D - a scroll of enchant weapon {unknown}
 F - a scroll of immolation {unknown}
 H - a scroll of identify
Potions
 e - 2 potions of brilliance {unknown}
 f - 3 potions of might
 h - a potion of cancellation {unknown}
 m - 2 potions of lignification
 v - 3 potions of attraction {unknown}
 w - a potion of magic {unknown}
 x - a potion of mutation {unknown}
 z - 2 potions of heal wounds {unknown}
 B - a potion of invisibility {unknown}
 I - 2 potions of curing {unknown}


   Skills:
 + Level 6.5 Fighting
 + Level 1.0(3.3) Axes
 - Level 5.1(5.2) Maces & Flails
 + Level 0.2 Armour
 - Level 6.4 Dodging
 - Level 3.3 Spellcasting
 - Level 5.5 Conjurations
 + Level 3.5 Hexes
 + Level 5.7 Translocations


You had 7 spell levels left.
You knew the following spells:

 Your Spells              Type           Power      Damage    Failure   Level
a - Kiss of Death         Conj/Necr      52%        2d9       4%          1
b - Momentum Strike       Conj/Tloc      48%        3d9       2%          2
c - Cause Fear            Hex            8%         N/A       34%         4

Your spell library contained the following spells:

 Spells                   Type           Power      Damage    Failure   Level
 Magic Dart               Conj           96%        1d7       1%          1
 Blink                    Tloc           50%        N/A       1%          2
 Lesser Beckoning         Tloc           50%        N/A       1%          2
 Searing Ray              Conj           48%        2d6       2%          2
 Shock                    Conj/Air       52%        1d6       4%          1
 Gell's Gravitas          Tloc           25%        N/A       4%          3
 Teleport Other           Tloc           25%        N/A       4%          3
 Hailstorm                Conj/Ice       13%        3d5       14%         3
 Vhi's Electric Charge    Tloc/Air       28%        N/A       14%         3
 Iskenderun's Mystic Bla  Conj/Tloc      24%        2d7       14%         4
 Fulminant Prism          Conj/Hex       10%        3d8       22%         4
 Summon Lightning Spire   Summ/Air       3%         N/A       82%         4
 Dragon Form              Tmut           1%         N/A       100%        7
 Dragon's Call            Summ           1%         N/A       100%        9


Dungeon Overview and Level Annotations

Branches:
Dungeon (8/15)             Temple (0/1) D:6           Sewer (visited)
   Lair: D:8-11


Innate Abilities, Weirdness & Mutations

You are a tree.
Your roots penetrate the ground, keeping you stationary.
You cannot be teleported.
You are immune to unholy pain and torment.
Your maximum health is greatly increased.
Your equipment is partially melded.
You have an increased reservoir of magic. (+10% MP)
You shall have no god before yourself.
Your divine heritage dramatically boosts your attributes as you level up.


Message History

You slash the steam dragon!
The steam dragon is moderately wounded.
The steam dragon bites you.
The steam dragon claws you but does no damage.
You barely miss the steam dragon.
The steam dragon is moderately wounded.
The steam dragon breathes steam at you. The ball of steam misses you.
The wyvern bites you! The steam dragon bites you.
The steam dragon barely misses you.
You closely miss the steam dragon.
The steam dragon is moderately wounded.
You slash the wyvern!
You are engulfed in a cloud of scalding steam.
The wyvern closely misses you. The wyvern misses you.
The steam dragon bites you!
* * * LOW HITPOINT WARNING * * *
The steam dragon completely misses you. The steam dragon misses you.
The steam dragon barely misses you.
It was a potion of lignification.
You turn into a tree.
Your +1 helmet of see invisible melds into your body.
Your +0 pair of gloves melds into your body.
The +0 ring mail "Wivi Fae" {Int+2} melds into your body.
You feel less perceptive.
Your roots penetrate the ground.
The wyvern bites you.
* * * LOW HITPOINT WARNING * * *
The steam dragon bites you.
* * * LOW HITPOINT WARNING * * *
The steam dragon claws you but does no damage.
Okay, then.
You slash the wyvern!
The wyvern is almost dead.
You hit the steam dragon.
You are engulfed in a cloud of scalding steam.
* * * LOW HITPOINT WARNING * * *
The wyvern bites you but does no damage.
The steam dragon breathes steam at you. The ball of steam hits you!
* * * LOW HITPOINT WARNING * * *
The wyvern bites you!
You die...

............#
#...........#
#...........#
#...........#
#...........#
#...........#
#......D....#
#..♣...#
+§l.§..#
#....§.#
#......#
#.§....#
#......#
#......#
#......#####
#..........#


You could see a steam dragon (catching breath) and a wyvern.

Vanquished Creatures
  A two-headed ogre (D:6)
  A kobold demonologist (D:7)
  A wyvern (D:8)
  A steam dragon (D:7)
  An orc warrior (D:7)
  2 ice beasts (D:7)
  A black bear (D:6)
  2 ogres
  A centaur (D:6)
  3 phantoms
  3 kobold brigands (Sewer)
  2 bullfrogs
  2 scorpions
  16 wights
  4 killer bees
  A howler monkey (D:7)
  3 orc priests
  A hound (D:6)
  4 jellies
  2 sleepcaps
  A gnoll bouda (D:7)
  2 iguanas (D:6)
  5 orc wizards
  Robin (D:2)
  12 gnolls
  11 adders
  5 river rats
  A shadow imp (D:7)
  2 white imps (D:5)
  An ufetubus (D:4)
  2 worms
  2 dart slugs (D:1)
  30 orcs
  11 ball pythons
  9 bats
  4 endoplasms
  7 giant cockroaches
  12 goblins
  9 hobgoblins
  17 jackals
  2 quokkas
  2 frilled lizards
  18 kobolds
  27 rats
245 creatures vanquished.

Notes
Turn   | Place    | Note
-------+----------+-------------------------------------------
     0 | D:1      | Mesmaeker13 the Demigod Reaver began the quest for the Orb.
     0 | D:1      | Reached XP level 1. HP: 17/17 MP: 5/5
   234 | D:1      | Reached XP level 2. HP: 24/24 MP: 7/7
   974 | D:2      | Reached XP level 3. HP: 24/25 MP: 6/8
  1652 | D:2      | Noticed Robin
  1663 | D:2      | Killed Robin
  1664 | D:2      | Reached XP level 4. HP: 36/37 MP: 10/10
  1827 | D:3      | Learned a level 2 spell: Momentum Strike
  2229 | D:3      | Found a glowing drain.
  2238 | Sewer    | Entered a sewer
  2314 | Sewer    | Noticed a kobold brigand
  2325 | Sewer    | Killed a kobold brigand
  2326 | Sewer    | Reached skill level 1 in Translocations
  2326 | Sewer    | Reached XP level 5. HP: 39/45 MP: 10/12
  2492 | Sewer    | Reached XP level 6. HP: 20/51 MP: 13/13
  3584 | D:4      | Identified the +0 ring mail "Wivi Fae" {Int+2}
  4307 | D:5      | Entered Level 5 of the Dungeon
  4390 | D:4      | Reached XP level 7. HP: 41/58 MP: 15/15
  5517 | D:6      | Reached skill level 5 in Conjurations
  5517 | D:6      | Reached XP level 8. HP: 65/67 MP: 16/16
  5572 | D:6      | You fall into a shaft and drop 2 floors!
  5899 | D:8      | Noticed a kobold demonologist
  6025 | D:7      | Reached skill level 5 in Fighting
  6025 | D:7      | Reached skill level 5 in Dodging
  6350 | D:7      | Learned a level 4 spell: Cause Fear
  6570 | D:7      | Reached skill level 1 in Hexes
  6585 | D:7      | Got the Octavo of Air and the Blink Frog
  6852 | D:7      | Reached XP level 9. HP: 34/74 MP: 15/17
  7149 | D:6      | Found a staircase to the Ecumenical Temple.
  7217 | D:6      | Identified the +3 leather armour "Megira Usouf" {rN++ Str-5
                  | Int+2 SInv}
  7466 | D:6      | Reached skill level 5 in Translocations
  7779 | D:6      | Noticed a two-headed ogre
  7936 | D:6      | Killed a two-headed ogre
  7937 | D:6      | Reached skill level 5 in Maces & Flails
  8663 | D:7      | Noticed a rust devil
  8670 | D:7      | Killed a kobold demonologist
  8779 | D:8      | Reached skill level 1 in Axes
  8966 | D:8      | HP: 3/117 [steam dragon/ball of steam (10)]
  8966 | D:8      | Mangled by a wyvern

Illustrated notes

Levels and vault maps discovered:
D:1:      dpeg_arrival_tiny_a, layout_loops_corners,
          hellmonk_ecumenical_altar_zigzags
D:2:      layout_rooms, uniq_robin
D:3:      layout_rooms, portal_sewer_entry_a, fountainhead,
          kennysheep_generic_room_15
D:4:      layout_loops_ring, minitemple
D:5:      layout_loops_ring
D:6:      minmay_chambers_of_fours, layout_gridville,
          minmay_temple_entry_purple_smoke
D:7:      layout_basic, minmay_misc_feat_doors
D:8:      layout_gridville, serial_shops, nicolae_shop_real_fake_doors,
          enter_bailey_7

Skill      XL: |  1  2  3  4  5  6  7  8  9 |
---------------+----------------------------+-----
Fighting       | 2 3 4 5 6 |  6.5
Dodging        | 2 3 4 5 6 |  6.4
Spellcasting   | 2 3 |  3.3
Conjurations   | 3 4 5 |  5.5
Translocations | 1 2 3 4 5 |  5.7
Maces & Flails | 4 5 |  5.1
Hexes          | 1 3 |  3.5
Axes           | 1 |  1.0
Armour         | |  0.2

Action                     |  1- 3 |  4- 6 |  7- 9 || total
---------------------------+-------+-------+-------++-------
  Melee: Mace              |    59 |    48 |   121 ||   228
         Flail             |   106 |       |   332 ||   438
         Punch             |     1 |     2 |    12 ||    15
         Short sword       |       |   247 |       ||   247
         Battleaxe         |       |       |    34 ||    34
  Throw: Dart              |     2 |     2 |     9 ||    13
         Throwing net      |       |       |     4 ||     4
   Cast: Kiss of Death     |     1 |       |     1 ||     2
         Momentum Strike   |       |       |     2 ||     2
  Evoke: Wand              |     1 |     6 |    11 ||    18
    Use: Scroll            |       |     3 |     1 ||     4
         Potion            |       |       |     2 ||     2
   Stab: Sleeping          |     1 |       |       ||     1
         Paralysed         |     5 |    17 |     9 ||    31
 Armour: Leather armour    |    62 |     1 |       ||    63
         Ring mail         |       |    82 |   121 ||   203
         Skin              |       |       |     2 ||     2
  Dodge: Dodged            |   209 |   254 |   610 ||  1073
